 Dungeon Crawl Stone Soup version 0.21-a0-28-g9a7844a (webtiles) character file.

14205 Minion the Archer (level 11, -18/99 HPs)
             Began as a Centaur Hunter on May 26, 2017.
             Was an Elder of Okawaru.
             Demolished by a death knight
             ... wielding a +0 glaive
              (23 damage)
             ... on level 10 of the Dungeon.
             The game lasted 00:51:09 (16004 turns).

Minion the Archer (Centaur Hunter)                 Turns: 16004, Time: 00:51:10

Health: -18/99     AC: 11    Str: 15    XL:     11   Next: 85%
Magic:  13/14      EV: 14    Int: 14    God:    Okawaru [****..]
Gold:   461        SH:  0    Dex: 11    Spells: 10/10 levels left

rFire    . . .     SeeInvis .   j - +5 scimitar
rCold    . . .     Gourm    .   (no shield)
rNeg     + . .     Faith    .   H - +1 ring mail of Banim {rPois Regen+ Int+3 Dex-3}
rPois    +         Spirit   .   A - +1 helmet
rElec    +         Reflect  .   (no cloak)
rCorr    .         Harm     .   (no gloves)
MR       +....                  (no barding)
Stlth    +.........             (no amulet)
Regen    0.7/turn               E - ring of Wishful Thinking {rN+ Dex+2 Stlth-}
MPRegen  0.2/turn               t - ring "Qumaher" {rElec MR+}

@: heroism, very quick
A: hooves 3, deformed body, speed 2, tough skin 3
a: Heroism, Renounce Religion


You were on level 10 of the Dungeon.
You worshipped Okawaru.
Okawaru was greatly pleased with you.
You were not hungry.

You visited 2 branches of the dungeon, and saw 11 of its levels.

You collected 461 gold pieces.

Inventory:

Hand Weapons
 a - a +1 shortbow
 j - a +5 scimitar (weapon)
Missiles
 n - 215 arrows
Armour
 c - a +0 leather armour
 z - a +0 plate armour
 A - a +1 helmet (worn)
 H - the +1 ring mail of Banim (worn) {rPois Regen+ Int+3 Dex-3}
   (You found it on level 7 of the Dungeon)

   It affects your intelligence (+3).
   It affects your dexterity (-3).
   It protects you from poison.
   It increases your rate of regeneration.
Magical Staves
 o - an uncursed staff of conjuration
Jewellery
 t - the ring "Qumaher" (right hand) {rElec MR+}
   (You took it off an orc on level 9 of the Dungeon)

   [ring of protection from magic]

   It insulates you from electricity.
   It affects your resistance to hostile enchantments.
 E - the ring of Wishful Thinking (left hand) {rN+ Dex+2 Stlth-}
   (You found it on level 6 of the Dungeon)

   [ring of loudness]

   It affects your dexterity (+2).
   It protects you from negative energy.
   It makes you less stealthy.
Wands
 p - a wand of disintegration (2/24)
Scrolls
 d - 2 scrolls of fear
 e - a scroll of remove curse
 h - 13 scrolls of identify
 i - 2 scrolls of amnesia
 l - 3 scrolls of teleportation
 q - 2 scrolls of enchant armour {unknown}
 r - 2 scrolls of enchant weapon {unknown}
 y - 3 scrolls of magic mapping
 B - 2 scrolls of blinking {unknown}
 F - a scroll of acquirement {unknown}
Potions
 k - 3 potions of flight
 m - a potion of berserk rage {unknown}
 v - a potion of haste
 x - a potion of resistance {unknown}
 C - 2 potions of curing
Books
 w - a book of Geomancy

   Spells                             Type                      Level
   a - Sandblast                      Earth                        1
   b - Passwall                       Transmutation/Earth          2
   c - Stone Arrow                    Conjuration/Earth            3
   d - Petrify                        Transmutation/Earth          4
   e - Lee's Rapid Deconstruction     Earth                        5
 I - a book of Enchantments

   Spells                             Type                      Level
   a - Cause Fear                     Hexes                        4
   b - Yara's Violent Unravelling     Hexes/Transmutation          5
   c - Silence                        Hexes/Air                    5
   d - Deflect Missiles               Charms/Air                   6
   e - Discord                        Hexes                        8
Comestibles
 f - 8 bread rations
 s - 3 meat rations
 u - a royal jelly


   Skills:
 + Level 9.8(14.8) Fighting
   Level 0.8(9.0) Short Blades
 - Level 6.4(11.4) Long Blades
 + Level 11.5(16.5) Bows
 + Level 6.6(11.6) Armour
 + Level 6.7(11.7) Dodging
 - Level 0.4(5.4) Stealth
 + Level 4.7 Invocations


You had 10 spell levels left.
You didn't know any spells.

Dungeon Overview and Level Annotations

Branches:
Dungeon (10/15)            Temple (1/1) D:7             Orc (0/2) D:9
   Lair: D:8-11

Altars:
Ashenzari
Cheibriados
Elyvilon
Fedhas
Gozag
Hepliaklqana
Kikubaaqudgha
Makhleb
Nemelex Xobeh
Okawaru
Qazlal
Ru
Sif Muna
Trog
Vehumet
Wu Jian
Xom
Yredelemnul
Zin
The Shining One

Shops:
D:5 (   D:7 *


Innate Abilities, Weirdness & Mutations

You have hooves in place of feet.
Armour fits poorly on your strangely shaped body.
You cover ground very quickly.
You have extremely tough skin. (AC +3)


Message History

You completely miss the death knight. You completely miss the death knight.
You kick the death knight, but do no damage.
The death knight hits you with a glaive!!
You barely miss the death knight.
The death knight hits you but does no damage.
You closely miss the death knight. You kick the death knight.
The death knight is lightly wounded.
The death knight reflects your damage back at you!
You slash the death knight!
You kick the death knight, but do no damage.
You punch the death knight, but do no damage.
The death knight is lightly wounded.
The death knight reflects your damage back at you!
The death knight's dark mirror aura disappears.
The death knight hits you with a glaive!!
* * * LOW HITPOINT WARNING * * *
There is an open door, spattered with blood here.
The death knight hits you from afar with a glaive!!
You die...

## .# .. .## ..
########..# (.
#.......# .#+ ###
#....##'###### ###
...... +..(.#...#...#
#..
##.#.#####....#≈..'...#
#####.#
.Y.......'..(.#.@.#...#
#.>...# #)#
#####..(.##'######
##.####
#[#.#######'##..p# .[#
#.##..
##.#....#..(.##...# .#
#.####
...####'#'#####...# )#
##.# # ###........#
##+## # #..####
###........# #......
...........# #..####
...........# #..#


You could see a death knight.

Vanquished Creatures
  3 two-headed ogres
  The ghost of gorpus the Thaumaturge, a novice OpWz of Ashenzari (D:8)
  An unseen horror (D:10)
  An orc knight (D:9)
  The ghost of rlgrobin the Magician, a novice OpEn of Okawaru (D:5)
  Maurice (D:9)
  4 centaur zombies (D:9)
  2 hellwings (D:9)
  2 trolls
  Prince Ribbit (D:7)
  2 hippogriffs (D:10)
  A spriggan (D:8)
  5 yaks
  2 hungry ghosts
  The ghost of Shimatora the Slasher, an amateur MfGl (D:6)
  Duvessa (D:6)
  3 black bears
  2 hornet zombies
  2 ice beasts
  4 orc warriors
  4 phantoms
  4 sky beasts
  7 centaurs
  3 ogres
  A crocodile (D:8)
  2 big kobolds
  4 bullfrogs
  A wyvern zombie (D:9)
  A water moccasin zombie (D:5)
  Dowan (D:6)
  A killer bee (D:8)
  2 howler monkeys
  10 wights
  6 crimson imps
  2 jellies
  5 orc wizards
  3 bullfrog skeletons
  6 orc priests
  3 centaur skeletons
  A gnoll shaman (D:7)
  2 hounds (D:10)
  8 iguanas
  9 worker ants
  A killer bee zombie (D:8)
  A hound zombie (D:10)
  19 adders
  16 gnolls
  8 shadow imps
  An adder zombie (D:9)
  An adder skeleton (D:4)
  2 worms
  3 dart slugs
  5 leopard geckos
  35 orcs
  A ball python (D:3)
  8 giant cockroaches
  11 goblins
  9 hobgoblins
  9 jackals
  17 kobolds
  8 quokkas
  4 bats
  4 frilled lizards
  8 rats
297 creatures vanquished.

Vanquished Creatures (others)
  2 withered plants (D:9)
2 creatures vanquished.

Grand Total: 299 creatures vanquished

Notes
Turn   | Place    | Note
-------+----------+-------------------------------------------
     0 | D:1      | Minion the Centaur Hunter began the quest for the Orb.
     0 | D:1      | Reached XP level 1. HP: 17/17 MP: 1/1
   148 | D:1      | Reached XP level 2. HP: 22/24 MP: 2/2
   171 | D:1      | Reached skill level 6 in Bows
   509 | D:2      | Reached XP level 3. HP: 18/29 MP: 3/3
   828 | D:2      | Reached skill level 7 in Bows
  1482 | D:2      | Reached XP level 4. HP: 27/36 MP: 4/4
  2423 | D:2      | Reached skill level 8 in Bows
  2724 | D:3      | Reached XP level 5. HP: 36/41 MP: 5/5
  3632 | D:3      | Reached XP level 6. HP: 51/51 MP: 6/6
  3867 | D:3      | Reached skill level 9 in Bows
  4081 | D:5      | Entered Level 5 of the Dungeon
  4485 | D:5      | Found a stormy altar of Qazlal.
  4887 | D:4      | Reached skill level 1 in Armour
  4887 | D:4      | Reached XP level 7. HP: 59/59 MP: 7/7
  7582 | D:5      | Reached skill level 1 in Long Blades
  7771 | D:5      | Noticed rlgrobin's ghost (novice OpEn)
  7778 | D:5      | Found Mikh's Weapon Emporium.
  7813 | D:5      | Killed rlgrobin's ghost
  7813 | D:5      | Reached skill level 5 in Fighting
  7813 | D:5      | Reached XP level 8. HP: 47/68 MP: 8/8
  8005 | D:5      | Reached skill level 10 in Bows
  8756 | D:6      | Got a fine marble ring
  8757 | D:6      | Identified the ring of Wishful Thinking {rN+ Dex+2 Stlth-} (You found it on level 6 of the Dungeon)
  8796 | D:6      | Noticed Duvessa
  8799 | D:6      | Noticed Dowan
  8888 | D:6      | Killed Dowan
  8914 | D:6      | Noticed Shimatora's ghost (amateur MfGl)
  9494 | D:6      | Reached XP level 9. HP: 75/75 MP: 9/9
  9958 | D:6      | Killed Shimatora's ghost
 10300 | D:6      | Killed Duvessa
 10455 | D:7      | Found Pioqirph's General Store.
 10461 | D:7      | Got a jewelled ring mail
 10477 | D:7      | Identified the cursed +1 ring mail of Banim {rPois Regen+ Int+3 Dex-3} (You found it on level 7 of the Dungeon)
 10486 | D:7      | Noticed Prince Ribbit
 10493 | D:7      | Killed Prince Ribbit
 10905 | D:7      | Found a staircase to the Ecumenical Temple.
 10917 | Temple   | Entered the Ecumenical Temple
 11075 | Temple   | Became a worshipper of Warmaster Okawaru
 11497 | D:8      | Noticed gorpus's ghost (novice OpWz)
 11602 | D:8      | Noticed a troll
 11749 | D:7      | Killed a troll
 11809 | D:8      | Reached * piety under Okawaru
 12049 | D:8      | Killed gorpus's ghost
 12049 | D:8      | Reached skill level 5 in Long Blades
 12049 | D:8      | Reached XP level 10. HP: 35/88 MP: 10/10
 12949 | D:9      | Reached ** piety under Okawaru
 12949 | D:9      | Reached skill level 5 in Armour
 13045 | D:9      | Reached skill level 5 in Dodging
 13122 | D:9      | Reached *** piety under Okawaru
 13125 | D:9      | Noticed Maurice
 13167 | D:9      | Killed Maurice
 13167 | D:9      | Received a gift from Okawaru
 13275 | D:9      | Got a faintly glowing lead ring
 13436 | D:9      | Reached skill level 1 in Invocations
 13548 | D:9      | Reached XP level 11. HP: 97/97 MP: 12/12
 13563 | D:9      | Noticed a two-headed ogre
 13965 | D:8      | Reached **** piety under Okawaru
 14247 | D:9      | Killed a two-headed ogre
 14411 | D:9      | Noticed a two-headed ogre
 14420 | D:9      | Killed a two-headed ogre
 14530 | D:9      | Identified the ring "Qumaher" {rElec MR+} (You took it off an orc on level 9 of the Dungeon)
 14758 | D:9      | Found a staircase to the Orcish Mines.
 14772 | D:9      | Reached skill level 11 in Bows
 14792 | D:10     | Entered Level 10 of the Dungeon
 15043 | D:10     | Noticed a two-headed ogre
 15055 | D:10     | Killed a two-headed ogre
 15262 | D:10     | Killed an unseen horror
 15426 | D:9      | Received a gift from Okawaru
 15685 | D:10     | Noticed an orc knight
 15747 | D:9      | Killed an orc knight
 15747 | D:9      | Received a gift from Okawaru
 15989 | D:10     | Noticed a death knight
 16002 | D:10     | HP: 4/99 [death knight/glaive (32)]
 16004 | D:10     | Demolished by a death knight

Vault maps used:
D:1:      zaba_arrival_water
D:2:      serial_forest, infiniplex_forest_straight_5,
          infiniplex_forest_zigzag_1, infiniplex_forest_clump_medium,
          infiniplex_forest_straight_3, infiniplex_forest_zigzag_1,
          infiniplex_forest_zigzag_2
D:4:      first_bread, hangedman_decor_clover_reticule, st_stairs_9,
          minmay_quantized
D:5:      grunt_qazlal_clouds, serial_shops, nicolae_shop_crystal
D:6:      uniq_duvessa
D:7:      minmay_temple_entry_crystal_x, serial_shops, nicolae_shop_trees,
          nrook_mini_backslash, uniq_prince_ribbit1
D:8:      minmay_curly_fans, the_bakery
D:9:      cheibrodos_grave_circle, st_stairs_2, small_chamber_with_monster,
          uniq_maurice
D:10:     minmay_evil_grid, uniq_psyche
Temple:   roderic_octagonal_lattice_temple

Skill      XL: |  1  2  3  4  5  6  7  8  9 10 11 |
---------------+----------------------------------+-----
Bows           | 6 7 8 9 10 11 | 11.5
Fighting       | 3 4 5 6 7 9 |  9.8
Armour         | 1 2 3 4 5 6 |  6.6
Dodging        | 3 4 5 6 |  6.7
Long Blades    | 1 3 5 6 |  6.4
Invocations    | 1 4 |  4.7
Short Blades   | |  0.8
Stealth        | |  0.4

Action                   |  1- 3 |  4- 6 |  7- 9 | 10-12 || total
-------------------------+-------+-------+-------+-------++-------
Melee: Short sword       |    35 |    52 |    67 |       ||   154
       Kick              |     6 |     8 |   106 |   156 ||   276
       Falchion          |       |       |   142 |       ||   142
       Scimitar          |       |       |   212 |   508 ||   720
       Punch             |       |       |       |     2 ||     2
 Fire: Shortbow          |    83 |   169 |   270 |    82 ||   604
Invok: Heroism           |       |       |       |    16 ||    16
  Use: Potion            |     1 |       |       |     7 ||     8
       Scroll            |       |     7 |     3 |     2 ||    12
  Eat: Chunk             |     1 |     5 |    13 |    17 ||    36
       Royal jelly       |       |     2 |     1 |     3 ||     6
       Bread ration      |       |       |     1 |       ||     1
Armor: Leather armour    |    14 |    27 |    42 |       ||    83
       Skin              |     1 |       |       |       ||     1
       Chain mail        |       |       |   103 |       ||   103
       Ring mail         |       |       |    72 |   274 ||   346
Dodge: Dodged            |    30 |    58 |   223 |   293 ||   604
       Rpst.: Falchion   |       |       |    16 |       ||    16
       Scimitar          |       |       |    26 |    67 ||    93
